 Dungeon Crawl Stone Soup version 0.31.0-11-ge490571c62 (webtiles) character file.

Game seed: 16794628169004904462

314 Zeor the Gusty (level 6, -13/36 HPs)
             Began as a Tengu Air Elementalist on Jan 30, 2024.
             Mangled by an ogre
             ... wielding a +0 giant club
              (30 damage)
             ... on level 4 of the Dungeon.
             The game lasted 00:08:48 (3410 turns).

Zeor the Gusty (Tengu Air Elementalist)             Turns: 3410, Time: 00:08:48

Health: -13/36     AC:  3    Str:  9    XL:     6   Next: 43%
Magic:  6/11       EV: 12    Int: 17    God:
Gold:   177        SH:  0    Dex: 14    Spells: 5/11 levels left

rFire   . . .        a - +0 rapier
rCold   . . .        (no shield)
rNeg    . . .        r - +0 leather armour {rPois}
rPois   +            (helmet restricted)
rElec   .            (no cloak)
rCorr   .            (no gloves)
SInv    .            (boots unavailable)
Will    .....        (no amulet)
Stlth   ++           (no ring)
HPRegen 0.26/turn    (no ring)
MPRegen 0.12/turn

%: acrobat
@: no status effects
A: beak, talons 3, acrobatic
a: no special abilities


You were on level 4 of the Dungeon.
You visited 1 branch of the dungeon, and saw 4 of its levels.

You collected 177 gold pieces.

Inventory:

Hand Weapons
 a - a +0 rapier (weapon)
 g - a +1 dagger of venom
 j - a +0 short sword
 k - a +0 dagger
 q - a +0 short sword of flaming
Missiles
 p - 5 atropa-tipped darts
Armour
 r - a +0 leather armour of poison resistance (worn)
Jewellery
 m - a ring of resist corrosion
Talismans
 l - a talisman of death
Scrolls
 c - a scroll of teleportation
Potions
 b - 2 potions of magic
 d - a potion of ambrosia {unknown}
 e - a potion of resistance
 f - a potion of heal wounds {unknown}
 h - a potion of curing
 i - a potion of berserk rage {unknown}
 n - a potion of haste {unknown}
 o - 2 potions of might {unknown}


   Skills:
 * Level 2.4 Fighting
 - Level 0.8(1.1) Short Blades
 * Level 1.0(1.2) Long Blades
 + Level 2.1 Armour
 + Level 3.2 Dodging
 + Level 2.4 Stealth
 * Level 3.1 Spellcasting
 + Level 2.9 Conjurations
 + Level 5.0 Air Magic


You had 5 spell levels left.
You knew the following spells:

 Your Spells              Type           Power      Damage    Failure   Level
d - Static Discharge      Conj/Air       32%        3-5/arc   7%          2
s - Swiftness             Air            19%        N/A       9%          3
z - Shock                 Conj/Air       64%        1d7       4%          1

Your spell library contained the following spells:

 Spells                   Type           Power      Damage    Failure   Level
 Airstrike                Air            9%         2d(2-18)  30%         4


Dungeon Overview and Level Annotations

Branches:
Dungeon (4/15)
 Temple: D:4-7

Altars:


Innate Abilities, Weirdness & Mutations

You have a beak for a mouth.
You have claws for feet.
You can magically evade attacks while moving or waiting.


Message History

The ogre shouts!
Casting: Static Discharge (safe; 7% risk of failure)
Confirm with . or Enter, or press ? or * to list all spells.
Aiming: Shock (safe; 4% risk of failure)
Press: ? - help, Shift-Dir - straight line, f - ogre
Aim: an ogre, wielding a +0 giant club (86% to hit)
The zap hits the ogre.
The ogre is lightly wounded.
Casting: Shock (safe; 4% risk of failure)
Confirm with . or Enter, or press ? or * to list all spells.
Aiming: Shock (safe; 4% risk of failure)
Press: ? - help, Shift-Dir - straight line, f/p - ogre
Aim: an ogre, wielding a +0 giant club (86% to hit)
The zap hits the ogre.
The ogre is lightly wounded.
Casting: Shock (safe; 4% risk of failure)
Confirm with . or Enter, or press ? or * to list all spells.
Aiming: Shock (safe; 4% risk of failure)
Press: ? - help, Shift-Dir - straight line, f/p - ogre
Aim: an ogre, wielding a +0 giant club (lightly wounded, 86% to hit)
The zap hits the ogre.
The ogre is lightly wounded.
You hit the ogre. You claw the ogre. You peck the ogre.
The ogre is severely wounded.
The ogre closely misses you.
You hit the ogre. Your kick misses the ogre.
The ogre is severely wounded.
You hit the ogre. You claw the ogre, but do no damage.
You peck the ogre, but do no damage.
The ogre is severely wounded.
The ogre hits you with a +0 giant club!!
Ouch! That really hurt!
Casting: Shock (safe; 4% risk of failure)
Confirm with . or Enter, or press ? or * to list all spells.
The ogre is struck by an arc of lightning.
The ogre is almost dead.
You are struck by an arc of lightning.
The ogre hits you with a +0 giant club!!
Ouch! That really hurt!
You die...

▒▒▒▒▒▒▒▒▒▒▒▒▒
∙∙∙∙[∙OQ∙∙∙∙▒
▒▒▒▒▒▒▒▒▒▒▒∙▒
▒∙▒ ▒∙▒ ▒∙▒
∙∙o∙∙∙▒ ▒∙▒


∙∙∙∙∙ ▒∙▒ ∙∙∙∙∙ ▒∙▒ ∙∙∙ ▒∙▒ You could see an ogre.

Vanquished Creatures
  A phantom (D:3)
  A scorpion (D:3)
  A hound (D:4)
  Jessica (D:2)
  An orc wizard (D:3)
  2 adders
  2 dart slugs
  10 orcs
  6 ball pythons
  10 endoplasms
  5 giant cockroaches
  3 goblins
  4 hobgoblins
  4 quokkas
  5 bats
  2 frilled lizards
  3 kobolds (D:1)
  7 rats
68 creatures vanquished.

Notes
Turn   | Place    | Note
-------+----------+-------------------------------------------
     0 | D:1      | Zeor the Tengu Air Elementalist began the quest for the
                  | Orb.
     0 | D:1      | Reached XP level 1. HP: 10/10 MP: 4/4
   361 | D:1      | Reached skill level 1 in Fighting
   367 | D:1      | Reached XP level 2. HP: 16/16 MP: 1/6
   545 | D:1      | Learned a level 2 spell: Static Discharge
   864 | D:1      | Reached XP level 3. HP: 20/20 MP: 4/7
   868 | D:1      | Learned a level 3 spell: Swiftness
  1529 | D:2      | You fall into a shaft and drop 2 floors!
  1874 | D:2      | Noticed Jessica
  1881 | D:2      | Killed Jessica
  1882 | D:2      | Reached XP level 4. HP: 18/25 MP: 4/8
  2561 | D:3      | Noticed a phantom
  2591 | D:3      | Killed a phantom
  2592 | D:3      | Reached skill level 1 in Armour
  2592 | D:3      | Reached XP level 5. HP: 4/30 MP: 6/10
  2812 | D:3      | Reached skill level 5 in Air Magic
  2812 | D:3      | Reached XP level 6. HP: 19/35 MP: 11/11
  3183 | D:4      | Reached skill level 1 in Long Blades
  3410 | D:4      | Mangled by an ogre

Illustrated notes

Levels and vault maps discovered:
D:1:      dpeg_arrival_rooms_a, layout_loops_corners, minmay_bisected
D:2:      layout_basic, uniq_jessica
D:3:      layout_basic, nrook_mini_vaults, kennysheep_generic_room_5
D:4:      layout_basic, mainiacjoe_overflow_tiny_flanked,
          lemuel_temple_firewalk_b, uniq_edmund

Skill      XL: |  1  2  3  4  5  6 |
---------------+-------------------+-----
Fighting       | 1 2 |  2.4
Conjurations   | 2 |  2.9
Armour         | 1 2 |  2.1
Dodging        | 3 |  3.2
Spellcasting   | 3 |  3.1
Air Magic      | 5 |  5.0
Long Blades    | 1 |  1.0
Short Blades   | |  0.8
Stealth        | |  2.4

Action                     |  1- 3 |  4- 6 || total
---------------------------+-------+-------++-------
  Melee: Peck              |    12 |    15 ||    27
         Unarmed           |     1 |       ||     1
         Short sword       |    26 |       ||    26
         Kick              |    10 |    19 ||    29
         Dagger            |     6 |    76 ||    82
         Rapier            |       |    23 ||    23
   Cast: Shock             |    41 |     7 ||    48
         Static Discharge  |     6 |     8 ||    14
    Use: Scroll            |     8 |     1 ||     9
         Potion            |       |     1 ||     1
   Stab: Sleeping          |     3 |     2 ||     5
 Armour: Robe              |    10 |       ||    10
         Leather armour    |    11 |    58 ||    69
         Skin              |       |    10 ||    10
  Dodge: Dodged            |    22 |    53 ||    75
